 Dungeon Crawl Stone Soup version 0.28-a0-863-g8cecda6153 (webtiles) character file.

Game seed: 12104002853666198231

155 SmokeWeed the Sneak (level 5, -6/34 HPs)
             Began as an Octopode Brigand on Nov 18, 2021.
             Mangled by Duvessa (15 damage)
             ... on level 4 of the Dungeon.
             The game lasted 00:06:35 (2141 turns).

SmokeWeed the Sneak (Octopode Brigand)              Turns: 2141, Time: 00:06:35

Health: -6/34      AC:  1    Str: 11    XL:     5   Next: 37%
Magic:  5/5        EV: 12    Int: 14    God:
Gold:   84         SH:  3    Dex: 13    Spells: 4/4 levels left

rFire   + . .      SeeInvis .   d - +2 short sword (venom)
rCold   . . .      Faith    .   g - +0 buckler
rNeg    + . .      Spirit   .   (helmet restricted)
rPois   .          Reflect  .   (no amulet)
rElec   .          Harm     .   i - ring of positive energy
rCorr   .          Rampage  .   p - ring of protection from fire
Will    .....                   (no ring)
Stlth   +++++.....              (no ring)
HPRegen 0.11/turn               (no ring)
MPRegen 0.09/turn               (no ring)
                                (no ring)
                                (no ring)

@: no status effects
A: almost no armour, amphibious, 8 rings, camouflage 1, gelatinous body 1,
(nimble swimmer 1), tentacles
a: no special abilities


You were on level 4 of the Dungeon.
You visited 1 branch of the dungeon, and saw 3 of its levels.

You collected 84 gold pieces.

Inventory:

Hand Weapons
 a - a +2 dagger
 d - a +2 short sword of venom (weapon)
 l - a +0 hunting sling
Missiles
 b - 7 poisoned darts (quivered)
 e - 20 stones
 k - 16 bolts
 n - 17 sling bullets
Armour
 g - a +0 buckler (worn)
Jewellery
 i - a ring of positive energy (left tentacle)
 p - a ring of protection from fire (right tentacle)
Scrolls
 j - a scroll of silence {unknown}
 o - a scroll of noise {unknown}
Potions
 f - a potion of flight {unknown}
 h - a potion of degeneration {unknown}
 m - a potion of curing {unknown}


   Skills:
 + Level 2.2 Fighting
 + Level 3.1 Short Blades
 + Level 2.6 Throwing
 + Level 1.3 Dodging
 + Level 7.5 Stealth


You had 4 spell levels left.
You didn't know any spells.
Your spell library contained the following spells:

 Spells                   Type           Power      Damage    Failure   Level
 Borgnjor's Revivificati  Necr           0%         N/A       100%        8
 Necromutation            Tmut/Necr      0%         N/A       100%        8
 Death's Door             Necr           0%         N/A       100%        9


Dungeon Overview and Level Annotations

Branches:
Dungeon (2/15)

Altars:

Shops:
D:1 [

Annotations:
D:4 Duvessa


Innate Abilities, Weirdness & Mutations

You cannot wear most types of armour.
You are amphibious.
You can wear up to eight rings at the same time.
Your skin changes colour to match your surroundings (Stealth+).
Your rubbery body absorbs attacks. (AC +1, EV +1)
((You are camouflaged near water. (Stealth+)))
You have tentacles for arms and can constrict up to eight enemies at once.


Message History

You throw a curare-tipped dart. The curare-tipped dart hits Duvessa.
Duvessa is poisoned.
Duvessa convulses.
Duvessa seems to slow down.
Duvessa shouts!
Duvessa is lightly wounded.
Throw: dart (curare)
Press: ? - help, Q - select action, (/) - cycle Shift-Dir - straight line, f/p - Duvessa
Aim: Duvessa, wielding a +0 rapier and wearing a +0 ring mail (lightly wounded, berserk, very poisoned, slow, 67% to hit)
You throw a curare-tipped dart. The curare-tipped dart hits Duvessa.
Duvessa looks as sick as possible!
Duvessa convulses.
Duvessa seems to be slow for longer.
Duvessa is moderately wounded.
Throw: 9 darts (poison)
Press: ? - help, Q - select action, (/) - cycle Shift-Dir - straight line, f/p - Duvessa
Aim: Duvessa, wielding a +0 rapier and wearing a +0 ring mail (moderately wounded, berserk, extremely poisoned, slow, 67% to hit)
You throw a poisoned dart. The poisoned dart hits Duvessa.
Duvessa is moderately wounded.
Duvessa hits you with a +0 rapier! Duvessa barely misses you.
Throw: 8 darts (poison)
Press: ? - help, Q - select action, (/) - cycle Shift-Dir - straight line, f/p - Duvessa
Aim: Duvessa, wielding a +0 rapier and wearing a +0 ring mail (heavily wounded, berserk, very poisoned, slow, 67% to hit)
You throw a poisoned dart.
The poisoned dart barely misses Duvessa.
Duvessa barely misses you.
Found 13 gold pieces.
Found a robe.
Duvessa hits you with a +0 rapier.
A black bear comes into view.
The black bear growls angrily.
Duvessa rages.
Duvessa hits you with a +0 rapier!
* * * LOW HITPOINT WARNING * * *
You hear an angry hiss.
Duvessa looks more healthy.
Duvessa rages.
You closely miss Duvessa. You grab Duvessa.
Duvessa is severely wounded.
You constrict Duvessa. Duvessa hits you with a +0 rapier!
You die...

### ...# ..... .....
.....##### ....$....#
.........# .......@.#
#+##...e.# #.....#
#.....#
#############.....######
..................h..h..
#..........######.[..#
###.............. .....
.................. ....


You could see Duvessa (berserk, slow) and a black bear.

Vanquished Creatures
  A scorpion (D:2)
  Dowan (D:4)
  2 worms (D:2)
  A dart slug (D:2)
  7 ball pythons
  3 endoplasms
  A giant cockroach (D:1)
  2 goblins (D:1)
  A hobgoblin (D:2)
  2 quokkas
  5 bats
  A frilled lizard (D:1)
  7 kobolds
  4 rats
38 creatures vanquished.

Notes
Turn   | Place    | Note
-------+----------+-------------------------------------------
     0 | D:1      | SmokeWeed the Octopode Brigand began the quest for the Orb.
     0 | D:1      | Reached XP level 1. HP: 14/14 MP: 1/1
   227 | D:1      | Found Inkunich's Armour Boutique.
   354 | D:1      | Reached XP level 2. HP: 19/19 MP: 2/2
   419 | D:1      | Reached skill level 6 in Stealth
  1289 | D:2      | Reached XP level 3. HP: 18/24 MP: 3/3
  1779 | D:2      | Noticed a scorpion
  1791 | D:2      | Killed a scorpion
  1792 | D:2      | Reached skill level 7 in Stealth
  1792 | D:2      | Reached XP level 4. HP: 29/29 MP: 4/4
  2110 | D:2      | You fall into a shaft and drop 2 floors!
  2110 | D:4      | Noticed Duvessa
  2110 | D:4      | Noticed Dowan
  2112 | D:4      | Killed Dowan
  2113 | D:4      | Reached XP level 5. HP: 34/34 MP: 5/5
  2135 | D:4      | Noticed a black bear
  2141 | D:4      | Mangled by Duvessa

Illustrated notes

Levels and vault maps discovered:
D:1:      sevenhm_arrival_forest_fort_small_4, layout_basic, serial_shops, shop,
          st_stairs_9
D:2:      layout_loops_cross, corexii_hall_statues_deadend,
          minmay_quadrilaterals
D:4:      layout_basic, uniq_ijyb, uniq_duvessa

Skill      XL: |  1  2  3  4 |
---------------+-------------+-----
Stealth        | 6 7 |  7.5
Short Blades   | 3 |  3.1
Fighting       | |  2.2
Throwing       | |  2.6
Dodging        | |  1.3

Action                   |  1- 3 |  4- 6 || total
-------------------------+-------+-------++-------
Melee: Dagger            |    27 |       ||    27
       Constrict         |     7 |     4 ||    11
       Tentacles         |     6 |     1 ||     7
       Short sword       |    25 |     8 ||    33
Throw: Dart              |    12 |     4 ||    16
  Use: Scroll            |     1 |       ||     1
 Stab: Sleeping          |    12 |     5 ||    17
       Distracted        |     1 |       ||     1
Armor: Skin              |     7 |     1 ||     8
Dodge: Dodged            |    20 |     2 ||    22
Block: Buckler           |     1 |       ||     1

Table legend: (Time is in decaauts)
 A = Elapsed time spent in this place.
 B = Non-inter-level travel time spent in this place.
 C = Inter-level travel time spent in this place.
 D = Time resting spent in this place.
 E = Time spent auto-exploring this place.
 F = Levels seen in this place.
 G = Mean time per level.
                   A        B        C        D        E       F      G
               +--------+--------+--------+--------+--------+-----+--------+
         Total |   2135 |   2135 |      0 |    370 |   1323 |   3 |  711.7 |
       Dungeon |   2135 |   2135 |      0 |    370 |   1323 |   3 |  711.7 |
               +--------+--------+--------+--------+--------+-----+--------+

Top non-repeatable levels by time:
     D:1: 1176 daAuts
     D:2: 929 daAuts
     D:4: 30 daAuts
